PBL
COLORADO AVALANCHE @ AMERICUS BRAVES
09/24/2047
 
TOP OF THE 1ST
Colorado Avalanche batting - Pitching for Americus Braves : RHP Pu-la Yun
Pitching: RHP Pu-la Yun
Batting: LHB Glenn Lowther 0-0: Swinging Strike
0-1: Ball
1-1: Swinging Strike
1-2: Ball
2-2: Fly out, F7 (Flyball, 7D, EV 104.4 MPH)
Batting: LHB Mick Tucker 0-0: Called Strike
0-1: Foul Ball, location: 2F
0-2: Ball
1-2: Ball
2-2: Ball
3-2: Strikes out swinging, 2-3 out at first.
Batting: RHB Eric Delgado 0-0: Called Strike
0-1: Foul Ball, location: 2F
0-2: Ball
1-2: Foul Ball, location: 2F
1-2: Foul Ball, location: 2F
1-2: Ball
2-2: Strikes out swinging
Top of the 1st over - 0 runs, 0 hits, 0 errors, 0 left on base; Colorado 0 - Americus 0
BOTTOM OF THE 1ST
Americus Braves batting - Pitching for Colorado Avalanche : RHP Julio Marquez
Pitching: RHP Julio Marquez
Batting: RHB Alex Guerra 0-0: SINGLE (Groundball, 6D, EV 105.0 MPH)
Batting: LHB Ivan Castillo 0-0: Ball
1-0: Foul Ball, location: 2F
1-1: Ball
2-1: Grounds into double play, 6-4-3 (Groundball, 6M, EV 86.9 MPH)
Batting: RHB Carlos Livas 0-0: Ball
1-0: Ground out 5-3 (Groundball, 5, EV 81.2 MPH)
Bottom of the 1st over - 0 runs, 1 hit, 0 errors, 0 left on base; Colorado 0 - Americus 0
TOP OF THE 2ND
Colorado Avalanche batting - Pitching for Americus Braves : RHP Pu-la Yun
Batting: SHB Ken Griffey IV 0-0: Ball
1-0: Called Strike
1-1: Called Strike
1-2: Ground out 2-3 (Groundball, 2R, EV 71.9 MPH)
Batting: RHB Seisaburo Edagawa 0-0: Ball
1-0: Ball
2-0: Ball
3-0: Called Strike
3-1: DOUBLE (Line Drive, 9LM, EV 105.6 MPH) - OUT at third base trying to stretch hit.
Batting: SHB Brad Madden 0-0: Ball
1-0: Ball
2-0: Ball
3-0: Base on Balls
Batting: RHB Gashie Chimsima 0-0: Ball
1-0: Ball
2-0: SINGLE (Line Drive, 9S, EV 95.0 MPH)
Brad Madden to second
Runner from 2nd tries for 3rd, SAFE, throw by RF made to third
Batting: RHB Aaron Burnet 0-0: Ground out 4-3 (Groundball, 4, EV 85.0 MPH)
Top of the 2nd over - 0 runs, 2 hits, 0 errors, 2 left on base; Colorado 0 - Americus 0
BOTTOM OF THE 2ND
Americus Braves batting - Pitching for Colorado Avalanche : RHP Julio Marquez
Batting: RHB Yutaka Yamane 0-0: Ball
1-0: Fly out, F8 (Flyball, 8RD, EV 90.6 MPH)
Batting: RHB Ricardo Joya 0-0: Ground out 5-3 (Groundball, 56, EV 77.5 MPH)
Batting: RHB Wilson Salgado 0-0: Hit by Pitch
Batting: LHB Roger Shearing 0-0: Ball
1-0: Fly out, F8 (Flyball, 8RM, EV 73.8 MPH)
Bottom of the 2nd over - 0 runs, 0 hits, 0 errors, 1 left on base; Colorado 0 - Americus 0
TOP OF THE 3RD
Colorado Avalanche batting - Pitching for Americus Braves : RHP Pu-la Yun
Batting: RHB Mike Chiquete 0-0: Swinging Strike
0-1: Ball
1-1: Swinging Strike
1-2: Ball
2-2: Strikes out looking
Batting: LHB Glenn Lowther 0-0: Ball
1-0: Fly out, F8 (Flyball, 8RD, EV 77.5 MPH)
Batting: LHB Mick Tucker 0-0: Called Strike
0-1: Ball
1-1: Swinging Strike
1-2: Ball
2-2: Ball
3-2: SINGLE (Groundball, 6S, EV 67.5 MPH) (infield hit)
Batting: RHB Eric Delgado 0-0: Ball
1-0: Foul Ball, location: 2F
1-1: Ball
2-1: Foul Ball, location: 2F
2-2: Ball
3-2: Ground out 5-3 (Groundball, 56, EV 90.6 MPH)
Top of the 3rd over - 0 runs, 1 hit, 0 errors, 1 left on base; Colorado 0 - Americus 0
BOTTOM OF THE 3RD
Americus Braves batting - Pitching for Colorado Avalanche : RHP Julio Marquez
Batting: RHB Bart Stevensdick 0-0: SINGLE (Groundball, 13, EV 86.2 MPH) (infield hit)
Batting: RHB James Anderson 0-0: Fly out, F9 (Line Drive, 89M, EV 89.4 MPH)
Batting: RHB Alex Guerra 0-0: Ball
1-0: Called Strike
1-1: Called Strike
1-2: Ball
2-2: Ball
3-2: Base on Balls
Bart Stevensdick to second
Batting: LHB Ivan Castillo 0-0: Called Strike
0-1: Swinging Strike
0-2: Strikes out swinging
Batting: RHB Carlos Livas 0-0: Called Strike
0-1: Called Strike
0-2: Ball
1-2: Strikes out swinging
Bottom of the 3rd over - 0 runs, 1 hit, 0 errors, 2 left on base; Colorado 0 - Americus 0
TOP OF THE 4TH
Colorado Avalanche batting - Pitching for Americus Braves : RHP Pu-la Yun
Batting: SHB Ken Griffey IV 0-0: Called Strike
0-1: Ground out 4-3 (Groundball, 34, EV 105.0 MPH)
Batting: RHB Seisaburo Edagawa 0-0: Called Strike
0-1: Foul Ball, location: 2F
0-2: Foul Ball, location: 2F
0-2: Ground out 5-3 (Groundball, 56S, EV 69.4 MPH)
Batting: SHB Brad Madden 0-0: Ball
1-0: Foul Ball, location: 2F
1-1: Fly out, F9 (Flyball, 9D, EV 91.9 MPH)
Top of the 4th over - 0 runs, 0 hits, 0 errors, 0 left on base; Colorado 0 - Americus 0
BOTTOM OF THE 4TH
Americus Braves batting - Pitching for Colorado Avalanche : RHP Julio Marquez
Batting: RHB Yutaka Yamane 0-0: Ball
1-0: Ball
2-0: Called Strike
2-1: Foul Ball, location: 2F
2-2: Fly out, F9 (Line Drive, 9S, EV 93.1 MPH)
Batting: RHB Ricardo Joya 0-0: Foul Ball, location: 2F
0-1: Ball
1-1: Ball
2-1: Ball
3-1: Called Strike
3-2: SINGLE (Popup, 4MD, EV 51.2 MPH)
Batting: RHB Wilson Salgado 0-0: Foul Ball, location: 2F
0-1: Foul Ball, location: 2F
0-2: Ball
1-2: Ground out 5-3 (Groundball, 56S, EV 64.4 MPH)
Ricardo Joya to second
Batting: LHB Roger Shearing 0-0: Foul Ball, location: 2F
0-1: Ground out 6-3 (Groundball, 6, EV 85.6 MPH)
Bottom of the 4th over - 0 runs, 1 hit, 0 errors, 1 left on base; Colorado 0 - Americus 0
TOP OF THE 5TH
Colorado Avalanche batting - Pitching for Americus Braves : RHP Pu-la Yun
Batting: RHB Gashie Chimsima 0-0: Swinging Strike
0-1: Called Strike
0-2: Ball
1-2: Foul Ball, location: 2F
1-2: Strikes out swinging
Batting: RHB Aaron Burnet 0-0: Ball
1-0: Ball
2-0: Ball
3-0: Base on Balls
Batting: RHB Mike Chiquete 0-0: Called Strike
0-1: Called Strike
0-2: Strikes out swinging
Batting: LHB Glenn Lowther 0-0: Called Strike
0-1: Swinging Strike
0-2: Ball
1-2: Strikes out swinging
Top of the 5th over - 0 runs, 0 hits, 0 errors, 1 left on base; Colorado 0 - Americus 0
BOTTOM OF THE 5TH
Americus Braves batting - Pitching for Colorado Avalanche : RHP Julio Marquez
Batting: RHB Bart Stevensdick 0-0: Ball
1-0: Ball
2-0: Foul Ball, location: 2F
2-1: Ground out 6-3 (Groundball, 6S, EV 91.2 MPH)
Batting: RHB James Anderson 0-0: Ground out 6-3 (Groundball, 6, EV 98.8 MPH)
Batting: RHB Alex Guerra 0-0: Ball
1-0: Foul Ball, location: 2F
1-1: Ball
2-1: SINGLE (Groundball, 4M, EV 99.4 MPH) (infield hit)
Batting: LHB Ivan Castillo 0-0: Swinging Strike
0-1: Called Strike
0-2: Foul Ball, location: 2F
0-2: Ball
1-2: Ball
2-2: Fly out, F7 (Flyball, 78M, EV 98.8 MPH)
Bottom of the 5th over - 0 runs, 1 hit, 0 errors, 1 left on base; Colorado 0 - Americus 0
TOP OF THE 6TH
Colorado Avalanche batting - Pitching for Americus Braves : RHP Pu-la Yun
Batting: LHB Mick Tucker 0-0: Ball
1-0: Called Strike
1-1: Foul Ball, location: 2F
1-2: Ball
2-2: Ball
3-2: SINGLE (Groundball, 34S, EV 61.2 MPH) (infield hit)
Batting: RHB Eric Delgado 0-0: Called Strike
0-1: Foul Ball, location: 2F
0-2: Ball
1-2: Foul Ball, location: 2F
1-2: Grounds into double play, 6-4-3 (Groundball, 6, EV 101.2 MPH)
Batting: SHB Ken Griffey IV 0-0: Ball
1-0: Called Strike
1-1: Swinging Strike
1-2: Ball
2-2: Ball
3-2: Foul Ball, location: 2F
3-2: Base on Balls
Batting: RHB Seisaburo Edagawa 0-0: Ball
Ken Griffey IV steals 2nd base
1-0: Foul Ball, location: 2F
1-1: Foul Ball, location: 2F
1-2: Foul Ball, location: 2F
1-2: Ground out 4-3 (Groundball, 4MD, EV 86.9 MPH)
Top of the 6th over - 0 runs, 1 hit, 0 errors, 1 left on base; Colorado 0 - Americus 0
BOTTOM OF THE 6TH
Americus Braves batting - Pitching for Colorado Avalanche : RHP Julio Marquez
Batting: RHB Carlos Livas 0-0: Hit by Pitch
Batting: RHB Yutaka Yamane 0-0: Called Strike
0-1: Swinging Strike
0-2: Ball
Carlos Livas is caught stealing 2nd base 2-4
1-2: SOLO HOME RUN (Flyball, 8LXD, EV 115.0 MPH), Distance : 457 ft
Batting: RHB Ricardo Joya 0-0: SOLO HOME RUN (Flyball, 78XD, EV 112.5 MPH), Distance : 439 ft
Batting: RHB Wilson Salgado 0-0: Ball
1-0: Ball
2-0: DOUBLE (Flyball, 8LXD, EV 92.5 MPH)
Batting: LHB Roger Shearing 0-0: Ball
1-0: Swinging Strike
1-1: Foul Ball, location: 2F
1-2: Foul Ball, location: 2F
1-2: Strikes out looking
Batting: RHB Bart Stevensdick 0-0: Fly out, F3 (Popup, 3F, EV 71.9 MPH)
Bottom of the 6th over - 2 runs, 3 hits, 0 errors, 1 left on base; Colorado 0 - Americus 2
TOP OF THE 7TH
Colorado Avalanche batting - Pitching for Americus Braves : RHP Pu-la Yun
Batting: SHB Brad Madden 0-0: SINGLE (Groundball, 25, EV 68.1 MPH) (infield hit)
Pinch Hitting: LHB Nick Martin 0-0: Ball
1-0: Ball
2-0: Swinging Strike
2-1: Foul Ball, location: 2F
2-2: Foul Ball, location: 2F
2-2: Foul Ball, location: 2F
2-2: SINGLE (Flyball, 34D, EV 96.2 MPH)
Brad Madden to second
Pitching: RHP Jason Barber
Pinch Runner at 2nd John Clark:
Pinch Hitting: LHB Zane Kelton 0-0: Ball
1-0: Fly out, F9 (Flyball, 9D, EV 83.8 MPH)
Runner from 2nd tags up, SAFE at 3rd, no throw by RF
Pinch Hitting: LHB Georges Lambert 0-0: Called Strike
0-1: Foul Ball, location: 2F
0-2: Foul Ball, location: 2F
0-2: Strikes out looking
Pitching: LHP Mohala Kileona
Pinch Hitting: RHB Chris Tatum 0-0: Called Strike
0-1: Called Strike
0-2: Foul Ball, location: 2F
0-2: Strikes out swinging
Top of the 7th over - 0 runs, 2 hits, 0 errors, 2 left on base; Colorado 0 - Americus 2
BOTTOM OF THE 7TH
Americus Braves batting - Pitching for Colorado Avalanche : RHP Julio Marquez
Now at 2B: Zane Kelton
Now at 3B: Bob Hayes
Now at SS: Georges Lambert
Now in LF: John Clark
Now in RF: Nick Martin
Batting: RHB James Anderson 0-0: Foul Ball, location: 2F
0-1: Ball
1-1: Swinging Strike
1-2: Strikes out swinging
Batting: RHB Alex Guerra 0-0: Called Strike
0-1: Ball
1-1: Swinging Strike
1-2: Ground out 6-3 (Groundball, 56, EV 79.4 MPH)
Batting: LHB Ivan Castillo 0-0: Ball
1-0: Fly out, F7 (Flyball, 7D, EV 86.9 MPH)
Bottom of the 7th over - 0 runs, 0 hits, 0 errors, 0 left on base; Colorado 0 - Americus 2
TOP OF THE 8TH
Colorado Avalanche batting - Pitching for Americus Braves : LHP Mohala Kileona
Batting: LHB Mick Tucker 0-0: Ball
1-0: Foul Ball, location: 2F
1-1: Ball
2-1: Called Strike
2-2: Ball
3-2: Strikes out looking
Batting: RHB Eric Delgado 0-0: Ball
1-0: Swinging Strike
1-1: Ball
2-1: Foul Ball, location: 2F
2-2: Ball
3-2: Strikes out swinging
Batting: SHB Ken Griffey IV 0-0: Called Strike
0-1: Ball
1-1: Ball
2-1: Swinging Strike
2-2: Strikes out swinging
Top of the 8th over - 0 runs, 0 hits, 0 errors, 0 left on base; Colorado 0 - Americus 2
BOTTOM OF THE 8TH
Americus Braves batting - Pitching for Colorado Avalanche : RHP Julio Marquez
Batting: RHB Carlos Livas 0-0: Ball
1-0: Called Strike
1-1: Ball
2-1: SINGLE (Line Drive, 56, EV 96.9 MPH)
Batting: RHB Yutaka Yamane 0-0: Called Strike
Carlos Livas steals 2nd base
0-1: Called Strike
0-2: Ball
1-2: Ball
2-2: Ball
3-2: Base on Balls
Batting: RHB Ricardo Joya 0-0: Ball
1-0: Called Strike
1-1: Ball
2-1: 3-RUN HOME RUN (Flyball, 9D, EV 104.4 MPH), Distance : 394 ft
Batting: RHB Wilson Salgado 0-0: Called Strike
0-1: Ball
1-1: Ball
2-1: Foul Ball, location: 2F
2-2: Ball
3-2: Foul Ball, location: 2F
3-2: DOUBLE (Line Drive, 7LD, EV 113.1 MPH)
Batting: LHB Roger Shearing 0-0: Called Strike
0-1: Fly out, F8 (Flyball, 8LD, EV 105.6 MPH)
Batting: RHB Bart Stevensdick 0-0: Ball
1-0: Ball
2-0: Called Strike
2-1: DOUBLE (Groundball, 5L, EV 96.9 MPH)
Wilson Salgado scores
Batting: RHB James Anderson 0-0: Called Strike
0-1: Ball
1-1: Ground out 4-3 (Groundball, 4M, EV 84.4 MPH)
Bart Stevensdick to third
Batting: RHB Alex Guerra 0-0: Ball
1-0: Called Strike
1-1: Ball
2-1: SINGLE (Groundball, 6MD, EV 100.6 MPH)
Bart Stevensdick scores
Batting: LHB Ivan Castillo 0-0: Ball
1-0: Foul Ball, location: 2F
1-1: Ball
2-1: Swinging Strike
2-2: Fielders Choice at 2nd, 6-4 (Groundball, 6, EV 85.6 MPH)
Bottom of the 8th over - 5 runs, 5 hits, 0 errors, 1 left on base; Colorado 0 - Americus 7
TOP OF THE 9TH
Colorado Avalanche batting - Pitching for Americus Braves : LHP Mohala Kileona
Batting: RHB Seisaburo Edagawa 0-0: Ball
1-0: Ball
2-0: Ball
3-0: Base on Balls
Batting: RHB John Clark 0-0: Called Strike
0-1: Foul Ball, location: 2F
0-2: Strikes out swinging
Pinch Hitting: RHB Joe Shade 0-0: Swinging Strike
0-1: Ball
1-1: Foul Ball, location: 2F
1-2: Ball
2-2: Foul Ball, location: 2F
2-2: Ball
3-2: Foul Ball, location: 2F
3-2: Base on Balls
Seisaburo Edagawa to second
Batting: LHB Zane Kelton 0-0: Called Strike
0-1: Called Strike
Balk!
Seisaburo Edagawa to third
Joe Shade to second
0-2: Strikes out swinging
Pinch Hitting: RHB Bryce Hickman 0-0: Ball
1-0: Ball
2-0: Ball
3-0: Base on Balls
Pinch Hitting: RHB Luis Mendoza 0-0: Ball
1-0: Ball
2-0: Ball
3-0: Called Strike
3-1: Base on Balls
Seisaburo Edagawa scores
Joe Shade to third
Bryce Hickman to second
Batting: LHB Mick Tucker 0-0: Called Strike
0-1: Ball
1-1: Foul Ball, location: 2F
1-2: Ball
2-2: Strikes out swinging
Top of the 9th over - 1 run, 0 hits, 0 errors, 3 left on base; Colorado 1 - Americus 7
Thursday, December 15th , 2022 - OOTP Baseball 23.9 Build 102